 Dungeon Crawl Stone Soup version 0.30-a0-222-ge547ba4400 (webtiles) character file.

Game seed: 457421558003525082

792 qw the Chopper (level 7, 1/1 HPs)
             Began as a Gargoyle Fighter on Oct 8, 2022.
             Was an Initiate of Okawaru.
             Quit the game on level 6 of the Dungeon.
             The game lasted 00:03:58 (38984 turns).

qw the Chopper (Gargoyle Fighter)                  Turns: 38984, Time: 00:03:59

Health: 1/1        AC: 23    Str: 22    XL:     7   Next: 88%
Magic:  7/7        EV:  7    Int:  8    God:    Okawaru [......]
Gold:   313        SH:  4    Dex:  9    Spells: 6/6 levels left

rFire   . . .      SeeInvis .    Y - +2 war axe
rCold   . . .      Faith    .    c - +0 buckler
rNeg    + . .      Spirit   .    v - +0 chain mail
rPois   inf        Reflect  .    (no helmet)
rElec   +          Harm     .    (no cloak)
rCorr   .          Rampage  inf  q - +0 pair of gloves
Will    .....                    o - +3 pair of seven-league boots {Rampage+∞}
Stlth   ..........               f - amulet of regeneration
HPRegen 1.00/turn                r - +4 ring of slaying {mikee}
MPRegen 0.10/turn                s - +4 ring of protection

@: no status effects
A: sickness immunity, AC +4, negative energy resistance 1, electricity
resistance, torment resistance 1, petrification resistance
a: Renounce Religion


You were on level 6 of the Dungeon.
You worshipped Okawaru.
Okawaru was noncommittal.
You visited 2 branches of the dungeon, and saw 7 of its levels.

You collected 543 gold pieces.
You spent 230 gold pieces at shops.


Innate Abilities, Weirdness & Mutations

You are immune to sickness and miasma.
Your stone body is resilient. (AC +4)
You are immune to poison.
You resist negative energy. (rN+)
You are resistant to electric shocks. (rElec)
You are resistant to unholy torment.
You are immune to petrification.


   Skills:
 + Level 4.9 Fighting
 - Level 7.0 Axes
 - Level 1.0 Throwing
 - Level 3.2 Armour
 - Level 1.0 Dodging
 - Level 3.2 Shields
 - Level 0.6 Invocations


You had 6 spell levels left.
You didn't know any spells.
Your spell library was empty.

Inventory:

Hand Weapons
 w - a +0 morningstar
 Y - a +2 war axe (weapon)
Missiles
 n - 4 javelins (quivered)
Armour
 b - a +2 ring mail of fire resistance
 c - a +0 buckler (worn)
 o - the +3 pair of seven-league boots (worn) {Rampage+∞}
   (You acquired it on level 3 of the Dungeon)

   Its wearer moves as far as possible in that direction when moving towards
   enemies.
 p - the +2 robe "Sidwynur" {-Tele +Inv rF++ rC+}
   (You found it on level 4 of the Dungeon)

   rF:        It greatly protects you from fire.
   rC:        It protects you from cold.
   +Inv:      It lets you turn invisible.
   -Tele:     It prevents most forms of teleportation.
 q - a +0 pair of gloves (worn)
 v - a +0 chain mail (worn)
Jewellery
 f - an amulet of regeneration (around neck)
 j - a ring of resist corrosion
 r - a +4 ring of slaying (left hand) {mikee}
 s - a +4 ring of protection (right hand)
Scrolls
 l - a scroll of identify
Potions
 d - 3 potions of might
 e - a potion of mutation
 g - 2 potions of resistance
 i - 2 potions of heal wounds
 k - a potion of degeneration {unknown}
 m - a potion of ambrosia {unknown}
 t - a potion of haste
 u - 3 potions of curing

Dungeon Overview and Level Annotations

Branches:
Dungeon (6/15)             Temple (1/1) D:4

Altars:
Ashenzari
Cheibriados
Dithmenos
Elyvilon
Fedhas
Gozag
Hepliaklqana
Kikubaaqudgha
Makhleb
Nemelex Xobeh
Okawaru
Qazlal
Ru
Sif Muna
Trog
Vehumet
Wu Jian
Yredelemnul
Zin
The Shining One

Shops:
D:1 (   D:5 !


Message History

There is an open door here.
There is an open door here.
Items here: ))) [[[.
You see here a +0 short sword.
There is a stone staircase leading up here.
(D) Dungeon (T) Temple
Where to? (* - list waypoints, Enter - D:6 @ (x,y), ? - help)
What level of the Dungeon? (default 1, ? - help)
You climb upwards.
There is a stone staircase leading down here.
Done exploring.
(D) Dungeon (T) Temple
Where to? (* - list waypoints, Enter - D:5, ? - help)
What level of the Dungeon? (default 1, ? - help)
You climb downwards.
There is a stone staircase leading up here.
There is an open door here.
Items here: ))) [[[.
There is an open door here.
There is an open door here.
There is an open door here.
There is a stone staircase leading up here.
There is an open door here.
There is an open door here.
There is an open door here.
There is an open door here.
Items here: ))) [[[.
You see here a +0 short sword.
Zot has nearly found you.
Suffering is imminent.
Descend or flee this branch!
There is a stone staircase leading up here.
There is an open door here.
Items here: ))) [[[.
There is an open door here.
There is an open door here.
There is an open door here.
There is a stone staircase leading up here.
There is an open door here.
There is an open door here.
Zot's power touches on you...
HP restored.
Are you sure you want to abandon this character and quit the game? (Confirm with "yes".)

.............'...................
.............##.........#######..
.............##.#######.#######'#
.......?..)..##.# #..........
.............##.# #..........
.............##+#######..........
....>............................
........................#####....
#####...........@.......# #....
....'...........#######'#####....
.####.........### #........... .#
#.################...........
.####..## #......................
.#......###...........#.#####....
.#.......##...........#.# ###[#
.#.......##...........#.# #.#
.#........#.../.......#.# #.#


There were no monsters in sight!

Vanquished Creatures
  A phantom (D:5)
  A necrophage (D:6)
  A scorpion (D:6)
  3 wights (D:6)
  3 hounds
  A jelly (D:6)
  2 iguanas (D:5)
  Ijyb (D:3)
  Natasha (thrice) (D:3)
  A gnoll (D:3)
  4 adders
  A shadow imp (D:5)
  An ufetubus (D:5)
  2 worms (D:2)
  3 dart slugs
  9 orcs
  6 endoplasms
  5 giant cockroaches
  3 goblins
  5 hobgoblins
  10 jackals
  9 kobolds
  8 ball pythons
  A bat (D:1)
  7 frilled lizards
  4 rats
95 creatures vanquished.

Notes
Turn   | Place    | Note
-------+----------+-------------------------------------------
     0 | D:1      | qw the Gargoyle Fighter began the quest for the Orb.
     0 | D:1      | Reached XP level 1. HP: 14/14 MP: 1/1
     0 | D:1      | 0 ||| qw: Version: 0.2-a-17-gfa9de96
     0 | D:1      | 0 ||| qw: Game counter: 2000
     0 | D:1      | 0 ||| qw: Always use a shield: true
     0 | D:1      | 0 ||| qw: God list: Okawaru
     0 | D:1      | 0 ||| qw: Allow faded altars: false
     0 | D:1      | 0 ||| qw: Do Orc after D:15 true
     0 | D:1      | 0 ||| qw: Do second Lair branch before Depths: true
     0 | D:1      | 0 ||| qw: Lair rune preference: random
     0 | D:1      | 0 ||| qw: Plans: Normal, Zot:1-4, God:TSO, Crypt, Tomb,
                  | Pan, Slime:5, Hells, Abyss, Orb
     0 | D:1      | 0 ||| PLANNING D:1-11
    45 | D:1      | Reached skill level 2 in Axes
    67 | D:1      | Found Ipsesk Sell's Antique Weapon Shop.
    72 | D:1      | 72 ||| SHOPLISTING club (24 gold, have 22).
    72 | D:1      | 72 ||| SHOPLISTING glowing hand axe (144 gold, have 22).
    72 | D:1      | 72 ||| SHOPLISTING shimmering broad axe (216 gold, have
                  | 22).
   254 | D:1      | 254 ||| Stepping ~*~*~tactically~*~*~ (hiding).
   257 | D:1      | Reached XP level 2. HP: 19/19 MP: 2/2
   297 | D:1      | 297 ||| Stepping ~*~*~tactically~*~*~ (stealth).
   354 | D:1      | 354 ||| Stepping ~*~*~tactically~*~*~ (stealth).
   355 | D:1      | 355 ||| Stepping ~*~*~tactically~*~*~ (stealth).
   393 | D:1      | Reached skill level 3 in Axes
   483 | D:1      | Reached XP level 3. HP: 23/23 MP: 3/3
   783 | D:1      | 783 ||| UPGRADING to amulet of regeneration.
   788 | D:1      | 788 ||| READING scroll labelled QOGREU BOST.
   789 | D:1      | 789 ||| DRINKING 2 coppery potions.
   803 | D:2      | 803 ||| STAIRDANCE
   846 | D:2      | Found a shadowy altar of Dithmenos.
  1007 | D:2      | 1007 ||| Stepping ~*~*~tactically~*~*~ (stealth).
  1008 | D:2      | 1008 ||| Stepping ~*~*~tactically~*~*~ (stealth).
  1031 | D:2      | Reached XP level 4. HP: 28/28 MP: 4/4
  1168 | D:2      | 1168 ||| Stepping ~*~*~tactically~*~*~ (stealth).
  1169 | D:2      | 1169 ||| Stepping ~*~*~tactically~*~*~ (stealth).
  1170 | D:2      | 1170 ||| Stepping ~*~*~tactically~*~*~ (stealth).
  1172 | D:2      | 1172 ||| Stepping ~*~*~tactically~*~*~ (stealth).
  1174 | D:2      | 1174 ||| Stepping ~*~*~tactically~*~*~ (stealth).
  1176 | D:2      | 1176 ||| Stepping ~*~*~tactically~*~*~ (stealth).
  1183 | D:2      | 1183 ||| Stepping ~*~*~tactically~*~*~ (stealth).
  1184 | D:2      | 1184 ||| Stepping ~*~*~tactically~*~*~ (stealth).
  1387 | D:2      | Reached skill level 1 in Throwing
  1412 | D:2      | 1412 ||| UPGRADING to +4 ring of slaying {mikee}.
  1413 | D:2      | 1413 ||| UPGRADING to +4 ring of protection.
  1414 | D:2      | 1414 ||| READING scroll labelled GIP KEUVAOPS.
  1415 | D:2      | 1415 ||| READING 2 scrolls labelled ASHUGH TUPOUP.
  1416 | D:2      | 1416 ||| READING scroll labelled OHUAQ DUCLIG.
  1417 | D:2      | 1417 ||| READING scroll labelled MYKHLU ERRO.
  1421 | D:2      | 1421 ||| READING scroll labelled BEID SYVITO.
  1638 | D:3      | Reached skill level 4 in Axes
  1669 | D:3      | Noticed Ijyb
  1670 | D:3      | 1670 ||| Stepping ~*~*~tactically~*~*~ (hiding).
  1702 | D:3      | Killed Ijyb
  1703 | D:3      | Reached XP level 5. HP: 32/32 MP: 5/5
  1847 | D:3      | Noticed Natasha
  1850 | D:3      | Killed Natasha
  1934 | D:3      | Noticed Natasha
  1936 | D:3      | Found a faded altar of an unknown god.
  1943 | D:3      | Killed Natasha
  2097 | D:3      | Noticed Natasha
  2102 | D:3      | Killed Natasha
  2103 | D:3      | Reached skill level 5 in Axes
  2118 | D:3      | Reached XP level 6. HP: 36/38 MP: 6/6
  2198 | D:3      | 2198 ||| UPGRADING to +0 pair of gloves.
  2203 | D:3      | 2203 ||| DROPPING orb of guile.
  2204 | D:3      | 2204 ||| DROPPING ring of see invisible.
  2205 | D:3      | 2205 ||| READING 2 scrolls labelled FOZIEJ HAJI.
  2206 | D:3      | 2206 ||| READING scroll of enchant weapon.
  2206 | D:3      | 2206 ||| ENCHANTING +1 war axe.
  2207 | D:3      | 2207 ||| READING scroll labelled SODIRU NA OTHAMM.
  2207 | D:3      | Identified a scroll of acquirement
  2207 | D:3      | 2207 ||| ACQUIRING +3 pair of seven-league boots
                  | {Rampage+∞}
  2207 | D:3      | Acquired the +3 pair of seven-league boots {Rampage+∞}
  2207 | D:3      | Found the +3 pair of seven-league boots {Rampage+∞}
  2209 | D:3      | 2209 ||| UPGRADING to +3 pair of seven-league boots
                  | {Rampage+∞}.
  2214 | D:3      | 2214 ||| DRINKING 2 puce potions.
  2215 | D:3      | 2215 ||| READING 2 scrolls of identify.
  2215 | D:3      | 2215 ||| IDENTIFYING amethyst potion
  2216 | D:3      | 2216 ||| DROPPING potion of flight.
  2217 | D:3      | 2217 ||| DROPPING potion of invisibility.
  2270 | D:4      | Reached skill level 1 in Dodging
  2300 | D:4      | Identified the +2 robe "Sidwynur" {-Tele +Inv rF++ rC+}
  2474 | D:4      | Found a staircase to the Ecumenical Temple.
  2475 | D:4      | 2475 ||| PLANNING TEMPLE
  2475 | D:4      | 2475 ||| UPGRADING to +0 chain mail.
  2485 | D:4      | 2485 ||| DROPPING +0 scale mail.
  2486 | D:4      | 2486 ||| READING scroll labelled FAPROSTRITZ.
  2487 | D:4      | 2487 ||| READING scroll labelled ROBINW UVVOE.
  2503 | Temple   | Entered the Ecumenical Temple
  2726 | Temple   | 2726 ||| PLANNING D:1-11
  2997 | D:4      | 2997 ||| DROPPING +0 club.
  3101 | D:4      | 3101 ||| READING 2 scrolls of identify.
  3101 | D:4      | 3101 ||| IDENTIFYING fizzy orange potion
  3118 | D:5      | Entered Level 5 of the Dungeon
  3230 | D:5      | 3230 ||| Stepping ~*~*~tactically~*~*~ (stealth).
  3240 | D:5      | Found Diroikaodo's Distillery.
  3250 | D:5      | 3250 ||| BUYING potion of curing (30 gold).
  3250 | D:5      | Bought a potion of curing for 30 gold pieces
  3250 | D:5      | 3250 ||| BUYING potion of haste (100 gold).
  3250 | D:5      | Bought a potion of haste for 100 gold pieces
  3250 | D:5      | 3250 ||| BUYING potion of resistance (100 gold).
  3250 | D:5      | Bought a potion of resistance for 100 gold pieces
  3386 | D:5      | Found an iron altar of Okawaru.
  3387 | D:5      | 3387 ||| PLANNING OKAWARU WORSHIP
  3387 | D:5      | 3387 ||| READING 2 scrolls of identify.
  3387 | D:5      | 3387 ||| IDENTIFYING murky amethyst potion
  3388 | D:5      | 3388 ||| DROPPING potion of magic.
  3396 | D:5      | Became a worshipper of Warmaster Okawaru
  3397 | D:5      | 3397 ||| PLANNING D:1-11
  3509 | D:5      | Found a broken altar of Ashenzari.
  3641 | D:5      | Reached skill level 6 in Axes
  3641 | D:5      | Reached XP level 7. HP: 43/43 MP: 7/7
  3884 | D:5      | Found a burning altar of Makhleb.
  4140 | D:6      | 4140 ||| STAIRDANCE
  4144 | D:6      | 4144 ||| STAIRDANCE
  4148 | D:6      | 4148 ||| STAIRDANCE
  4152 | D:6      | 4152 ||| STAIRDANCE
  4156 | D:6      | 4156 ||| STAIRDANCE
  4160 | D:6      | 4160 ||| STAIRDANCE
  4164 | D:6      | 4164 ||| STAIRDANCE
  4168 | D:6      | 4168 ||| STAIRDANCE
  4172 | D:6      | 4172 ||| STAIRDANCE
  4176 | D:6      | 4176 ||| STAIRDANCE
  4180 | D:6      | 4180 ||| STAIRDANCE
  4184 | D:6      | 4184 ||| STAIRDANCE
  4188 | D:6      | 4188 ||| STAIRDANCE
  4192 | D:6      | 4192 ||| STAIRDANCE
  4196 | D:6      | 4196 ||| STAIRDANCE
  4200 | D:6      | 4200 ||| STAIRDANCE
  4204 | D:6      | 4204 ||| STAIRDANCE
  4208 | D:6      | 4208 ||| STAIRDANCE
  4212 | D:6      | 4212 ||| STAIRDANCE
  4216 | D:6      | 4216 ||| STAIRDANCE
  4402 | D:6      | Reached * piety under Okawaru
  4403 | D:6      | Reached skill level 7 in Axes
  4531 | D:6      | 4531 ||| INVOKING Heroism.
  4926 | D:6      | 4926 ||| Stepping ~*~*~tactically~*~*~ (stealth).
  4937 | D:6      | 4937 ||| DROPPING +0 mace.
  5004 | D:6      | 5004 ||| DROPPING +6 ring of intelligence.
 14370 | D:5      | Fell from the grace of Okawaru
 14371 | D:5      | 14371 ||| PLANNING OKAWARU WORSHIP
 14388 | D:5      | Became a worshipper of Warmaster Okawaru
 14389 | D:5      | 14389 ||| PLANNING D:1-11
 19193 | D:6      | Fell from the grace of Okawaru
 19235 | D:5      | 19235 ||| PLANNING OKAWARU WORSHIP
 19235 | D:5      | Became a worshipper of Warmaster Okawaru
 19236 | D:5      | 19236 ||| PLANNING D:1-11
 24602 | D:6      | Fell from the grace of Okawaru
 24699 | D:5      | 24699 ||| PLANNING OKAWARU WORSHIP
 24699 | D:5      | Became a worshipper of Warmaster Okawaru
 24700 | D:5      | 24700 ||| PLANNING D:1-11
 29008 | D:5      | Fell from the grace of Okawaru
 29009 | D:5      | 29009 ||| PLANNING OKAWARU WORSHIP
 29026 | D:5      | Became a worshipper of Warmaster Okawaru
 29027 | D:5      | 29027 ||| PLANNING D:1-11
 30015 | D:6      | Glimpsed the power of Zot.
 30513 | D:6      | Glimpsed the power of Zot.
 30912 | D:6      | Glimpsed the power of Zot.
 31011 | D:6      | Touched by the power of Zot.
 31012 | D:6      | Glimpsed the power of Zot.
 31510 | D:6      | Glimpsed the power of Zot.
 31909 | D:6      | Glimpsed the power of Zot.
 32008 | D:6      | Touched by the power of Zot.
 32009 | D:6      | Glimpsed the power of Zot.
 32507 | D:6      | Glimpsed the power of Zot.
 32906 | D:6      | Glimpsed the power of Zot.
 33004 | D:6      | Touched by the power of Zot.
 33005 | D:6      | Glimpsed the power of Zot.
 33503 | D:6      | Glimpsed the power of Zot.
 33777 | D:6      | Fell from the grace of Okawaru
 33832 | D:5      | 33832 ||| PLANNING OKAWARU WORSHIP
 33832 | D:5      | Became a worshipper of Warmaster Okawaru
 33833 | D:5      | 33833 ||| PLANNING D:1-11
 33901 | D:6      | Glimpsed the power of Zot.
 34000 | D:6      | Touched by the power of Zot.
 34001 | D:6      | Glimpsed the power of Zot.
 34499 | D:6      | Glimpsed the power of Zot.
 34898 | D:6      | Glimpsed the power of Zot.
 34997 | D:6      | Touched by the power of Zot.
 34998 | D:6      | Glimpsed the power of Zot.
 35496 | D:6      | Glimpsed the power of Zot.
 35895 | D:6      | Glimpsed the power of Zot.
 35993 | D:6      | Touched by the power of Zot.
 35994 | D:6      | Glimpsed the power of Zot.
 36492 | D:6      | Glimpsed the power of Zot.
 36891 | D:6      | Glimpsed the power of Zot.
 36990 | D:6      | Touched by the power of Zot.
 36991 | D:6      | Glimpsed the power of Zot.
 37489 | D:6      | Glimpsed the power of Zot.
 37888 | D:6      | Glimpsed the power of Zot.
 37986 | D:6      | Touched by the power of Zot.
 37987 | D:6      | Glimpsed the power of Zot.
 38485 | D:6      | Glimpsed the power of Zot.
 38884 | D:6      | Glimpsed the power of Zot.
 38983 | D:6      | Touched by the power of Zot.
 38984 | D:6      | Quit the game

Levels and vault maps discovered:
D:1:      dpeg_arrival_windows_large_door, layout_loops_ring, serial_shops,
          nicolae_shop_hallway_plus
D:2:      layout_rooms, basic_altar, nicolae_titane
D:3:      layout_loops_ring, chequers_ecumenical_altar_simple,
          cheibrodos_gnoll_hut, uniq_natasha, uniq_ijyb
D:4:      layout_rooms, minmay_temple_entry_trees, grunt_decor_cap,
          kennysheep_boxes
D:5:      layout_basic, okawaru_altar_gauntlet_db,
          ashenzari_conservatory_becter, nicolae_overflow_hidden_temple,
          serial_shops, nicolae_shop_window_shopping
D:6:      layout_basic
Temple:   minmay_temple_bridge_d

Skill      XL: |  1  2  3  4  5  6  7 |
---------------+----------------------+-----
Axes           | 2 3 4 5 6 7 |  7.0
Throwing       | 1 |  1.0
Fighting       | 4 |  4.9
Dodging        | 1 |  1.0
Armour         | |  3.2
Shields        | |  3.2
Invocations    | |  0.6

Action                   |  1- 3 |  4- 6 |  7- 9 || total
-------------------------+-------+-------+-------++-------
Melee: War axe           |    99 |   128 |    23 ||   250
Throw: Javelin           |     1 |    35 |     3 ||    39
Invok: Heroism           |       |       |     1 ||     1
  Use: Scroll            |     1 |    13 |       ||    14
       Potion            |     1 |     1 |       ||     2
Armor: Scale mail        |    46 |    69 |       ||   115
       Chain mail        |       |    21 |    11 ||    32
Dodge: Dodged            |    38 |    47 |     3 ||    88
Block: Buckler           |    18 |    23 |     2 ||    43

Table legend:
 A = Non-vault XP
 B = Vault XP
 C = Vault XP percentage of total XP
 D = Non-vault monster count
 E = Vault monster count
 F = Vault count percentage of total count
                 A         B        C        D         E       F
            +---------+---------+-------+---------+---------+-------
      Total |     947 |     185 |  16.3 |      84 |      11 |  11.6
            +---------+---------+-------+---------+---------+-------
        D:1 |      37 |       0 |   0.0 |      24 |       0 |   0.0
        D:2 |      62 |       0 |   0.0 |      21 |       0 |   0.0
        D:3 |     117 |     171 |  59.4 |      12 |       5 |  29.4
        D:4 |      62 |       0 |   0.0 |      11 |       0 |   0.0
        D:5 |     213 |      14 |   6.2 |       6 |       6 |  50.0
        D:6 |     456 |       0 |   0.0 |      10 |       0 |   0.0
            +---------+---------+-------+---------+---------+-------
